 Seeded DCSS version 0.31-a0-1576-ga3383bade6 (webtiles) character file.

Game seed: 12314716651391791899 (custom seed)

80 Hubris850 the Digger (level 4, -1/24 HPs)
             Began as a Gargoyle Earth Elementalist on Jan 4, 2024.
             Killed from afar by an orc wizard (11 damage)
             ... with a puff of flame
             ... on level 3 of the Dungeon.
             The game lasted 00:06:48 (1643 turns).

Hubris850 the Digger (Gargoyle Earth Elementalist)  Turns: 1643, Time: 00:06:49

Health: -1/24      AC:  5    Str: 11    XL:     4   Next: 39%
Magic:  7/7        EV: 17    Int: 18    God:
Gold:   1590       SH:  0    Dex: 14    Spells: 6/7 levels left

rFire   . . .        i - staff "Odudd" {Fly rPois rC- Dex+4 Earth}
rCold   x . .        (no shield)
rNeg    + + .        k - +0 robe {rN+}
rPois   ∞            (no helmet)
rElec   +            (no cloak)
rCorr   .            (no gloves)
SInv    .            (no boots)
Will    .....        g - amulet of reflection
Stlth   +            f - +5 ring of evasion
HPRegen 0.24/turn    (no ring)
MPRegen 0.10/turn

%: reflection
@: confused, flying
A: sickness immunity, AC +3, negative energy resistance 1, electricity
resistance, torment resistance 1, petrification resistance
a: no special abilities


You were on level 3 of the Dungeon.
You visited 1 branch of the dungeon, and saw 3 of its levels.

You collected 1590 gold pieces.

Inventory:

Hand Weapons
 d - a +0 whip
Missiles
 j - 4 poisoned darts
Armour
 a - a +0 robe
 k - a +0 robe of positive energy (worn)
Magical Staves
 i - the staff "Odudd" (weapon) {Fly rPois rC- Dex+4 Earth}
   (You acquired it on level 1 of the Dungeon)

   [staff of earth]

   Base accuracy: +5 Base damage: 5 Base attack delay: 1.2 This weapon's minimum
   attack delay (0.6) is reached at skill level 12.
   Dex+4:     It affects your dexterity (+4).
   rC-:       It makes you vulnerable to cold.
   rPois:     It protects you from poison Fly: It grants you flight.
   Earth:     It increases the power of your Earth spells.
   It falls into the 'Staves' category.
   It is a one-handed weapon.
Jewellery
 f - a +5 ring of evasion (left hand)
 g - an amulet of reflection (around neck)
Potions
 b - a potion of magic
 c - a potion of might {unknown}
 e - a potion of ambrosia {unknown}
 h - 2 potions of curing {unknown}
 l - a potion of brilliance {unknown}
 m - a potion of enlightenment {unknown}


   Skills:
 + Level 1.2 Staves
 + Level 2.1 Dodging
 - Level 3.0 Stealth
 + Level 2.3 Spellcasting
 + Level 2.0 Conjurations
 + Level 4.2 Earth Magic


You had 6 spell levels left.
You knew the following spells:

 Your Spells              Type           Power      Damage    Failure   Level
a - Sandblast             Erth           50%        2d12      3%          1

Your spell library contained the following spells:

 Spells                   Type           Power      Damage    Failure   Level
 Passwall                 Erth           25%        N/A       10%         3
 Stone Arrow              Conj/Erth      40%        3d9       14%         3
 Lesser Beckoning         Tloc           4%         N/A       26%         2
 Dazzling Flash           Conj/Hex       10%        N/A       34%         3
 Mephitic Cloud           Conj/Alch/Air  4%         N/A       36%         3
 Brom's Barrelling Bould  Conj/Erth      20%        2d4       43%         4
 Gell's Gravitas          Tloc           2%         N/A       45%         3
 Teleport Other           Tloc           2%         N/A       45%         3
 Petrify                  Alch/Erth      14%        N/A       58%         4
 Curse of Agony           Necr           2%         N/A       99%         5
 Silence                  Hex/Air        1%         N/A       99%         5


Dungeon Overview and Level Annotations

Branches:
Dungeon (3/15)

Altars:
Fedhas

Annotations:
D:3 exclusion: oklob plant


Innate Abilities, Weirdness & Mutations

You are immune to sickness and miasma.
Your stone body is resilient. (AC +3)
You are immune to poison.
You resist negative energy. (rN+)
You are resistant to electric shocks. (rElec)
You are resistant to unholy torment.
You are immune to petrification.


Message History

You barely miss the orc. You hit the orc. You punch the orc.
The orc is heavily wounded.
The orc hits you with a +0 dagger.
You hit the orc but do no damage.
The orc is heavily wounded.
Something hits you. You block the orc's attack.
You hear some strange, mumbled words.
Something tries to affect you, but you resist.
The orc hits you but does no damage.
You hit the orc but do no damage.
The orc is heavily wounded.
Something hits you but does no damage. The orc closely misses you.
You hit the orc.
The orc is severely wounded.
You hear some strange, mumbled words.
A puff of flame appears from out of thin air!
The puff of flame hits you. You block the orc's attack.
You hit the orc.
The orc is severely wounded.
You hear some strange, mumbled words.
You block something's attack. The orc hits you with a +0 dagger.
You hit the orc but do no damage.
The ground beneath the orc fractures.
You kill the orc!
You closely miss something. You block something's attack.
You barely miss something. Something hits you.
Something hits you but does no damage.
You closely miss something. Something hits you. Something barely misses you.
Something hits you. Something hits you but does no damage.
You miss something. Something hits you. Something hits you but does no damage.
You closely miss something.
You hear some strange, mumbled words.
You are confused.
Something hits you.
You completely miss something.
Something hits you but does no damage. x2
You're too confused to move!
You hear some strange, mumbled words.
A puff of flame appears from out of thin air!
The puff of flame hits you!
You die...

##### ..... ......
......######+###
........##.....#
...>...oo{$....#
######
#######.##@....#
#.....
#.##.....#######.....
#.##.................
#.##........####.....
#.##........# #.....
#.##........# ######
#.#####.....# #
#.....## # #......##
#####


You could see 2 orcs.

Vanquished Creatures
  3 adders (D:2)
  A dart slug (D:2)
  A ribbon worm (D:3)
  An orc (D:3)
  5 bats
  An endoplasm (D:1)
  4 giant cockroaches
  6 hobgoblins
  8 kobolds
  2 quokkas
  2 ball pythons
  A frilled lizard (D:1)
  7 goblins
  5 rats
47 creatures vanquished.

Notes
Turn   | Place    | Note
-------+----------+-------------------------------------------
     0 | D:1      | Hubris850 the Gargoyle Earth Elementalist began the quest
                  | for the Orb.
     0 | D:1      | Reached XP level 1. HP: 10/10 MP: 3/3
   200 | D:1      | Reached XP level 2. HP: 11/15 MP: 1/5
   281 | D:1      | Identified 3 scrolls of acquirement
   281 | D:1      | Acquired 876 gold pieces
   282 | D:1      | Acquired the staff "Odudd" {Fly rPois rC- Dex+4 Earth}
   285 | D:1      | Acquired 667 gold pieces
   548 | D:1      | Reached XP level 3. HP: 17/19 MP: 3/6
  1083 | D:2      | Reached skill level 4 in Earth Magic
  1275 | D:2      | Reached skill level 1 in Staves
  1291 | D:2      | Reached XP level 4. HP: 24/24 MP: 4/7
  1350 | D:2      | You are sucked into a shaft and drop 1 floor!
  1541 | D:3      | Found a blossoming altar of Fedhas.
  1554 | D:3      | Noticed an oklob plant
  1643 | D:3      | Killed from afar by an orc wizard

Illustrated notes

Levels and vault maps discovered:
D:1:      dpeg_arrival_simpleton_a, layout_loops_ring, minmay_tromino_v4_b
D:2:      layout_loops_cross
D:3:      layout_basic, mainiacjoe_overflow_alcove_2, tgw_fedhas

Skill      XL: |  1  2  3  4 |
---------------+-------------+-----
Earth Magic    | 4 |  4.2
Dodging        | 2 |  2.1
Staves         | 1 |  1.2
Stealth        | 3 |  3.0
Conjurations   | 2 |  2.0
Spellcasting   | |  2.3

Action                     |  1- 3 |  4- 6 || total
---------------------------+-------+-------++-------
  Melee: Unarmed           |     8 |       ||     8
         Staff             |    67 |    14 ||    81
         Punch             |     1 |     1 ||     2
   Cast: Sandblast         |    41 |    10 ||    51
    Use: Scroll            |     3 |       ||     3
   Stab: Sleeping          |     1 |       ||     1
 Armour: Robe              |    25 |    19 ||    44
  Dodge: Dodged            |    68 |     6 ||    74
  Block: Other             |    14 |     4 ||    18

Table legend: (Time is in decaauts)
 A = Elapsed time spent in this place.
 B = Non-inter-level travel time spent in this place.
 C = Inter-level travel time spent in this place.
 D = Time resting spent in this place.
 E = Time spent auto-exploring this place.
 F = Levels seen in this place.
 G = Mean time per level.
                   A        B        C        D        E       F      G
               +--------+--------+--------+--------+--------+-----+--------+
         Total |   1679 |   1639 |     40 |     24 |   1261 |   3 |  559.7 |
       Dungeon |   1679 |   1639 |     40 |     24 |   1261 |   3 |  559.7 |
               +--------+--------+--------+--------+--------+-----+--------+

Top non-repeatable levels by time:
     D:1: 1021 daAuts
     D:2: 358 daAuts
     D:3: 299 daAuts
